cohdb
Replays
Latest Replays
All Replays
Popular Replays
Top Player Replays
Match Explorer
How It Works
Community
CoH3 Stats
Reddit
Sign in to upload your games and track your stats! →
Sign in with Steam
Match 46223801
Unlisted
Match 46223801
Overview
Messages
Build Orders
End
Royal Engineer Section
Construct Section Command Post
Selects Canadian Shock Battlegroup
Infantry Section
Infantry Section
Construct Platoon Command Post
Selects Attacking Spirit
Selects Canadian Shock Section
Canadian Shock Section
Unlock M3 Stuart Light Tanks
M3 Stuart Light Tank
Infantry Training
Construct Field Infirmary
Light Vehicle Training
Selects Incendiary Munitions
Grenade Package
Vickers Machine Gun Team
6-pounder Anti-tank Gun Team
Selects Pyrotechnics
Construct Company Command Post
XBoundTTV
MasterStef
0
0
Comments
sign in to comment!
No comments posted yet!